 Dungeon Crawl Stone Soup version 0.30-a0-374-g95c0257040 (webtiles) character file.

Game seed: 2092787368916426562

706 choppaz the Conjurer (level 7, 0/41 HPs)
             Began as an Octopode Conjurer on Nov 26, 2022.
             Slain by a steam dragon (6 damage)
             ... on level 6 of the Dungeon.
             The game lasted 00:13:57 (5425 turns).

choppaz the Conjurer (Octopode Conjurer)            Turns: 5425, Time: 00:13:57

Health: 0/41       AC:  1    Str:  6    XL:     7   Next: 67%
Magic:  2/11       EV: 13    Int: 23    God:
Gold:   271        SH:  5    Dex: 10    Spells: 1/12 levels left

rFire   + . .      SeeInvis .    x - +0 lajatang
rCold   . . .      Faith    .    (shield currently unavailable)
rNeg    . . .      Spirit   .    (helmet restricted)
rPois   .          Reflect  +    b - amulet of reflection
rElec   .          Harm     .    u - ring of protection from fire
rCorr   .          Rampage  .    z - ring of flight
Will    .....                    (no ring)
Stlth   +++.......               (no ring)
HPRegen 0.26/turn                (no ring)
MPRegen 0.12/turn                (no ring)
                                 (no ring)
                                 (no ring)

@: flying
A: almost no armour, amphibious, 8 rings, camouflage 1, gelatinous body 1,
(nimble swimmer 1), tentacles
a: no special abilities


You were on level 6 of the Dungeon.
You visited 1 branch of the dungeon, and saw 6 of its levels.

You collected 271 gold pieces.

Inventory:

Hand Weapons
 c - a +0 dagger
 e - a +0 short sword
 p - a +0 sling
 x - a +0 lajatang (weapon)
Missiles
 o - a throwing net
 t - 6 poisoned darts
Magical Staves
 y - a staff of earth
Jewellery
 b - an amulet of reflection (around mantle)
 u - a ring of protection from fire (left tentacle)
 z - a ring of flight (right tentacle)
Wands
 k - a wand of polymorph (13)
Scrolls
 f - a scroll of amnesia
 h - 3 scrolls of teleportation
 j - 2 scrolls of enchant armour
 l - a scroll of vulnerability
 n - a scroll of poison {unknown}
 q - a scroll of butterflies {unknown}
 r - a scroll of silence {unknown}
 w - a scroll of brand weapon {unknown}
Potions
 a - 2 potions of magic
 d - 3 potions of lignification
 g - a potion of resistance
 i - a potion of invisibility {unknown}
 m - 2 potions of mutation
 s - 2 potions of flight
 v - a potion of cancellation


   Skills:
 - Level 0.4 Staves
 - Level 2.0 Dodging
 - Level 2.6 Stealth
 + Level 3.1 Spellcasting
 + Level 6.0 Conjurations
 + Level 6.0 Translocations


You had one spell level left.
You knew the following spells:

 Your Spells              Type           Power      Damage    Failure   Level
a - Magic Dart            Conj           100%       1d8       1%          1
b - Searing Ray           Conj           62%        2d6       1%          2
c - Iskenderun's Mystic   Conj/Tloc      31%        2d8       10%         4
d - Olgreb's Toxic Radia  Pois           3%         N/A       75%         4

Your spell library contained the following spells:

 Spells                   Type           Power      Damage    Failure   Level
 Sting                    Tmut/Pois      12%        1d3       12%         1
 Summon Small Mammal      Summ           12%        N/A       12%         1
 Dazzling Flash           Conj/Hex       34%        N/A       10%         3
 Poisonous Vapours        Pois/Air       6%         N/A       17%         2
 Fulminant Prism          Conj/Hex       8%         3d7       32%         4
 Call Canine Familiar     Summ           3%         N/A       34%         3
 Summon Guardian Golem    Hex/Summ       3%         N/A       34%         3


Dungeon Overview and Level Annotations

Branches:
Dungeon (6/15)
 Temple: D:4-7

Altars:
Ashenzari
Cheibriados
Elyvilon
Uskayaw

Shops:
D:6 [

Annotations:
D:4 Dowan, Duvessa


Innate Abilities, Weirdness & Mutations

You cannot wear most types of armour.
You are amphibious.
You can wear up to eight rings at the same time.
Your skin changes colour to match your surroundings (Stealth+).
Your rubbery body absorbs attacks. (AC +1, EV +1)
((You are camouflaged when in or above water. (Stealth+)))
You have tentacles for arms and can constrict up to eight enemies at once.


Message History

The searing ray misses the steam dragon. (Press . to maintain the ray.)
The steam dragon misses you.
The steam dragon claws you but does no damage.
The searing ray misses the steam dragon.
The steam dragon breathes steam at you. The ball of steam hits you. You resist.
You hear a shout!
The searing ray hits the steam dragon.
The steam dragon is lightly wounded.
You block the steam dragon's attack. The steam dragon claws you.
The searing ray hits the steam dragon.
The steam dragon is moderately wounded.
You finish channelling your searing ray.
You block the steam dragon's attack. The steam dragon misses you.
You closely miss the steam dragon. You squeeze the steam dragon.
The steam dragon is heavily wounded.
The plant is engulfed in a cloud of scalding steam.
The plant begins to die.
The steam dragon breathes steam at you. The ball of steam hits you! You resist.
You hit the steam dragon.
The steam dragon is severely wounded.
The plant is engulfed in a cloud of scalding steam.
The plant begins to die.
The steam dragon barely misses you. The steam dragon claws you.
You barely miss the steam dragon.
The steam dragon is severely wounded.
A nearby plant withers and dies.
You block the steam dragon's attack. x2
The steam dragon breathes steam at you. The ball of steam hits you! You resist.
You closely miss the steam dragon.
The steam dragon is severely wounded.
The plant is engulfed in a cloud of scalding steam.
The steam dragon bites you!
* * * LOW HITPOINT WARNING * * *
The steam dragon claws you.
* * * LOW HITPOINT WARNING * * *
The steam dragon bites you.
You die...

#.## #####.##
#......#
#..PPP.##
#...∩...##
#..§P§...# #
#.§.§§...# #D.
#..§§§§..# #....
##...@D..###§.§.#
#.......##.§.§#
#.....##.....##
#..##........###
.## ######..##
##.. ##.. #.. #..


You could see a steam dragon (catching breath).

Vanquished Creatures
  A water moccasin (D:4)
  A black bear (D:4)
  2 ogres (D:5)
  A scorpion (D:5)
  2 hounds (D:5)
  2 orc priests
  An iguana (D:4)
  8 adders
  A worm (D:2)
  5 orcs (D:5)
  6 endoplasms
  A giant cockroach (D:2)
  4 goblins
  9 hobgoblins
  7 jackals
  2 quokkas
  5 ball pythons
  3 bats (D:3)
  2 frilled lizards (D:1)
  6 kobolds
  3 rats
72 creatures vanquished.

Vanquished Creatures (others)
  2 plants (D:6)
2 creatures vanquished.

Grand Total: 74 creatures vanquished

Notes
Turn   | Place    | Note
-------+----------+-------------------------------------------
     0 | D:1      | choppaz the Octopode Conjurer began the quest for the Orb.
     0 | D:1      | Reached XP level 1. HP: 11/11 MP: 3/3
   115 | D:1      | Reached XP level 2. HP: 17/17 MP: 0/5
  1200 | D:1      | Reached XP level 3. HP: 21/21 MP: 2/6
  1275 | D:1      | Learned a level 2 spell: Searing Ray
  1534 | D:2      | Found a broken altar of Ashenzari.
  1930 | D:2      | Identified the +2 ring mail of Forking Paths {Will+++ rCorr
                  | Int-2}
  2048 | D:2      | Reached XP level 4. HP: 27/27 MP: 4/8
  2136 | D:2      | Reached skill level 5 in Conjurations
  2347 | D:3      | Learned a level 4 spell: Iskenderun's Mystic Blast
  2466 | D:3      | HP: 1/27 [orc priest/divine providence (15)]
  2469 | D:3      | Reached XP level 5. HP: 2/31 MP: 0/9
  2647 | D:3      | Found a faded altar of an unknown god.
  2741 | D:3      | Identified the +2 pair of gloves of the Pink Corner {rC+
                  | Int+3}
  2859 | D:3      | Found a white marble altar of Elyvilon.
  3418 | D:4      | Noticed a +0 hand axe
  3418 | D:4      | Noticed a +0 dagger
  3420 | D:4      | Found a hide-covered altar of Uskayaw.
  3547 | D:4      | Noticed a water moccasin
  3552 | D:4      | Killed a water moccasin
  3553 | D:4      | Reached XP level 6. HP: 36/36 MP: 3/10
  3875 | D:4      | Noticed Dowan
  3909 | D:4      | Noticed a black bear
  3914 | D:4      | Killed a black bear
  4134 | D:4      | Noticed Duvessa
  4288 | D:5      | Entered Level 5 of the Dungeon
  4542 | D:5      | Reached XP level 7. HP: 41/41 MP: 5/11
  4610 | D:5      | Reached skill level 5 in Translocations
  4909 | D:5      | Found a snail-covered altar of Cheibriados.
  5327 | D:5      | Learned a level 4 spell: Olgreb's Toxic Radiance
  5339 | D:6      | Found Zelunomp's Antique Armour Boutique.
  5404 | D:6      | Noticed a steam dragon
  5425 | D:6      | Slain by a steam dragon

Illustrated notes

Levels and vault maps discovered:
D:1:      dpeg_arrival_rooms_a, layout_basic, serial_co_window_serial,
          co_window_paths_a, co_window_of_opportunity_a, co_window_corner_a,
          co_window_paths_b, co_window_corner_a, co_window_2corner,
          co_window_cross_3, co_window_2corner, co_window_broadway_a,
          co_window_4corner_a
D:2:      layout_basic, basic_altar, kennysheep_generic_room_15
D:3:      layout_basic, nicolae_elyvilon_peaceful_grove,
          hellmonk_ecumenical_altar_arch_garden
D:4:      layout_basic, dancing_weapons_uskayaw, uniq_duvessa
D:5:      layout_loops_cross, mainiacjoe_overflow_cross_hatched
D:6:      layout_cave_pods, nicolae_ru_path_of_blood,
          mainiacjoe_overflow_brackets, nemelex_xobeh_ov_fountains_minmay,
          serial_shops, nicolae_shop_overgrown_old_shop

Skill      XL: |  1  2  3  4  5  6  7 |
---------------+----------------------+-----
Spellcasting   | 3 |  3.1
Conjurations   | 5 6 |  6.0
Translocations | 2 4 6 |  6.0
Staves         | |  0.4
Dodging        | |  2.0
Stealth        | |  2.6

Action                   |  1- 3 |  4- 6 |  7- 9 || total
-------------------------+-------+-------+-------++-------
Melee: Unarmed           |     4 |       |       ||     4
       Constrict         |     2 |     1 |     5 ||     8
       Dagger            |     5 |       |       ||     5
       Short sword       |     4 |     6 |     6 ||    16
       Tentacles         |     2 |     2 |     4 ||     8
       Lajatang          |       |       |    12 ||    12
       Punch             |       |       |     1 ||     1
 Cast: Magic Dart        |    52 |    68 |    11 ||   131
       Searing Ray       |       |     6 |     4 ||    10
       Iskenderun's Myst |       |     1 |     1 ||     2
  Use: Scroll            |       |    12 |     1 ||    13
 Stab: Sleeping          |       |       |     1 ||     1
Armor: Skin              |       |     3 |     1 ||     4
Dodge: Dodged            |    12 |    18 |    14 ||    44
Block: Other             |     1 |     6 |     6 ||    13

Table legend: (Time is in decaauts)
 A = Elapsed time spent in this place.
 B = Non-inter-level travel time spent in this place.
 C = Inter-level travel time spent in this place.
 D = Time resting spent in this place.
 E = Time spent auto-exploring this place.
 F = Levels seen in this place.
 G = Mean time per level.
                   A        B        C        D        E       F      G
               +--------+--------+--------+--------+--------+-----+--------+
         Total |   5429 |   5218 |    211 |    811 |   3670 |   6 |  904.8 |
       Dungeon |   5429 |   5218 |    211 |    811 |   3670 |   6 |  904.8 |
               +--------+--------+--------+--------+--------+-----+--------+

Top non-repeatable levels by time:
     D:1: 1337 daAuts
     D:5: 1055 daAuts
     D:2: 1047 daAuts
     D:3: 1031 daAuts
     D:4: 870 daAuts
     D:6: 87 daAuts
